 Dungeon Crawl Stone Soup version 0.29-a0-271-gd4eb659eea (webtiles) character file.

Game seed: 17238795140338366982

135 AlexTheTrain1 the Chopper (level 4, 0/41 HPs)
             Began as a Minotaur Fighter on Mar 8, 2022.
             Was a Follower of Ru.
             Slain by Pikel
             ... wielding a +1 whip of electrocution
              (7 damage)
             ... on level 4 of the Dungeon.
             The game lasted 00:04:49 (3101 turns).

AlexTheTrain1 the Chopper (Minotaur Fighter)        Turns: 3101, Time: 00:04:49

Health: 0/41       AC:  6    Str: 22    XL:     4   Next: 96%
Magic:  3/3        EV:  9    Int: 11    God:    Ru [*.....]
Gold:   147        SH:  5    Dex: 10    Spells: 3/3 levels left

rFire   . . .      SeeInvis .   a - +0 war axe
rCold   . . .      Faith    .   c - +1 buckler
rNeg    . . .      Spirit   .   b - +0 scale mail
rPois   .          Reflect  .   (helmet restricted)
rElec   .          Harm     .   (no cloak)
rCorr   .          Rampage  .   (no gloves)
Will    .....                   (no boots)
Stlth   ..........              (no amulet)
HPRegen 0.13/turn               f - +6 ring of intelligence
MPRegen 0.08/turn               (no ring)

@: no status effects
A: horns 2, no earth magic, no hexes magic, no summoning magic, retaliatory
headbutt
a: Renounce Religion


You were on level 4 of the Dungeon.
You worshipped Ru.
Ru was aware of your devotion.
You visited 1 branch of the dungeon, and saw 4 of its levels.

You collected 147 gold pieces.

Inventory:

Hand Weapons
 a - a +0 war axe (weapon)
Armour
 b - a +0 scale mail (worn)
 c - a +1 buckler (worn)
Jewellery
 f - a +6 ring of intelligence (left hand)
Scrolls
 e - 3 scrolls of teleportation
 g - a scroll of holy word {unknown}
 j - 2 scrolls of enchant armour
Potions
 d - 2 potions of might
 h - 2 potions of berserk rage {unknown}
 i - a potion of curing {unknown}
 k - 3 potions of haste {unknown}


   Skills:
 + Level 4.4 Fighting
 * Level 5.7 Axes
 - Level 3.6 Armour
 - Level 3.6 Shields


You had 3 spell levels left.
You didn't know any spells.
Your spell library contained the following spells:

 Spells                   Type           Power      Damage    Failure   Level
 Foxfire                  Conj/Fire      0%         2x1d4     77%         1
 Blink                    Tloc           0%         N/A       88%         2
 Conjure Flame            Conj/Fire      0%         6-21      98%         3
 Flame Wave               Conj/Fire      0%         2d4       100%        4
 Manifold Assault         Tloc           0%         N/A       100%        5
 Storm Form               Tmut/Air       0%         N/A       100%        7
 Inner Flame              Hex/Fire       Unusable   N/A       N/A         3

Dungeon Overview and Level Annotations

Branches:
Dungeon (4/15)
 Temple: D:4-7

Altars:
Ru

Shops:
D:1 *   D:2 *   D:3 *

Annotations:
D:4 Pikel


Innate Abilities, Weirdness & Mutations

You have a pair of horns on your head.
You cannot study or cast Earth magic.
You cannot study or cast Hexes magic.
You cannot study or cast Summoning magic.
You reflexively headbutt those who attack you in melee.


Message History

Done exploring.
There is a stone staircase leading down here.
You climb downwards.
There is a stone staircase leading up here.
Pikel, Merchant of Souls comes into view.
He is wielding a +1 whip of electrocution.
Pikel shouts!
Pikel moves out of view.
Pikel and a lemure come into view.
Pikel is wielding a +1 whip of electrocution.
The lemure shouts!
A lemure comes into view.
There are monsters nearby!
The lemure shouts!
You hear a shout!
A lemure comes into view.
Pikel hits you with a +1 whip of electrocution.
The lemure shouts!
You hit Pikel but do no damage.
Pikel hits you with a +1 whip of electrocution.
You hit Pikel.
Pikel is lightly wounded.
Pikel hits you with a +1 whip of electrocution.
You are electrocuted!
You closely miss Pikel.
Pikel is lightly wounded.
Pikel hits you with a +1 whip of electrocution.
* * * LOW HITPOINT WARNING * * *
You barely miss Pikel.
Pikel is lightly wounded.
You block Pikel's attack.
You slash Pikel!
Pikel is moderately wounded.
Pikel completely misses you. You furiously retaliate!
You headbutt Pikel.
A lemure comes into view.
Pikel hits you with a +1 whip of electrocution.
* * * LOW HITPOINT WARNING * * *
The lemure moves out of view.
You slash Pikel! You headbutt Pikel, but do no damage.
Pikel is severely wounded.
Pikel hits you with a +1 whip of electrocution!
You die...

### # ##.## #.####
##...##
#....####.....#####
####..........@K55#
#.....#####.#####55...
#<###.# #.# .## #.#
#.# #.# ... #.# #+#
.##.##.# #. .##.# #
....# ..###


You could see Pikel and 4 lemures.

Vanquished Creatures
  Jessica (D:2)
  4 adders (D:2)
  An orc (D:3)
  6 endoplasms
  4 giant cockroaches (D:1)
  10 goblins
  4 hobgoblins
  3 jackals (D:1)
  7 kobolds
  5 quokkas
  7 ball pythons
  9 bats
  3 frilled lizards (D:1)
  3 rats
67 creatures vanquished.

Vanquished Creatures (others)
  A quokka (D:4)
1 creature vanquished.

Grand Total: 68 creatures vanquished

Notes
Turn   | Place    | Note
-------+----------+-------------------------------------------
     0 | D:1      | AlexTheTrain1 the Minotaur Fighter began the quest for the
                  | Orb.
     0 | D:1      | Reached XP level 1. HP: 19/19 MP: 0/0
   164 | D:1      | Reached skill level 3 in Axes
   296 | D:1      | Reached XP level 2. HP: 25/27 MP: 1/1
   550 | D:1      | Found Seukulan's Assorted Antiques.
   776 | D:1      | Reached XP level 3. HP: 33/33 MP: 2/2
   827 | D:1      | Reached skill level 4 in Axes
  1341 | D:2      | Reached XP level 4. HP: 33/41 MP: 3/3
  1443 | D:2      | Found Myximam's Assorted Antiques.
  1693 | D:2      | Reached skill level 5 in Axes
  2030 | D:2      | Noticed Jessica
  2035 | D:2      | Killed Jessica
  2258 | D:3      | Found a faded altar of an unknown god.
  2331 | D:3      | Prayed at the altar of an unknown god.
  2331 | D:3      | Became a worshipper of Ru the Awakened
  2356 | D:3      | Gained mutation: You cannot study or cast Earth magic. [Ru
                  | sacrifice]
  2356 | D:3      | Gained mutation: You cannot study or cast Hexes magic. [Ru
                  | sacrifice]
  2356 | D:3      | Gained mutation: You cannot study or cast Summoning magic.
                  | [Ru sacrifice]
  2356 | D:3      | Reached * piety under Ru
  2556 | D:3      | Found Cupren's General Store.
  3092 | D:4      | Noticed Pikel
  3093 | D:4      | Noticed a lemure
  3093 | D:4      | Noticed a lemure
  3095 | D:4      | Noticed a lemure
  3100 | D:4      | Noticed a lemure
  3101 | D:4      | Slain by Pikel

Illustrated notes

Levels and vault maps discovered:
D:1:      lemuel_arrival_funnel, layout_basic, serial_shops,
          nicolae_shop_behind_doors
D:2:      layout_basic, serial_shops, nicolae_shop_stone,
          wad_floor_pattern_untrapped, uniq_jessica
D:3:      layout_loops_corners, serial_shops, shop,
          hellmonk_ecumenical_altar_inner_sanctum
D:4:      layout_loops_corners, elyvilon_altar_4, biasface_ghost_orc_armoury,
          minmay_joined_circles, uniq_sigmund, uniq_pikel, uniq_menkaure

Skill      XL: |  1  2  3  4 |
---------------+-------------+-----
Axes           | 3 4 5 |  5.7
Fighting       | 4 |  4.4
Armour         | |  3.6
Shields        | |  3.6

Action                   |  1- 3 |  4- 6 || total
-------------------------+-------+-------++-------
Melee: War axe           |    96 |    55 ||   151
       Headbutt          |     4 |     5 ||     9
Invok: Sacrifice Arcana  |       |     1 ||     1
  Use: Scroll            |       |     4 ||     4
Armor: Scale mail        |    78 |    18 ||    96
Dodge: Dodged            |    66 |    18 ||    84
Block: Buckler           |    38 |    17 ||    55

Table legend: (Time is in decaauts)
 A = Elapsed time spent in this place.
 B = Non-inter-level travel time spent in this place.
 C = Inter-level travel time spent in this place.
 D = Time resting spent in this place.
 E = Time spent auto-exploring this place.
 F = Levels seen in this place.
 G = Mean time per level.
                   A        B        C        D        E       F      G
               +--------+--------+--------+--------+--------+-----+--------+
         Total |   3149 |   2856 |    293 |      0 |   2401 |   4 |  787.2 |
       Dungeon |   3149 |   2856 |    293 |      0 |   2401 |   4 |  787.2 |
               +--------+--------+--------+--------+--------+-----+--------+

Top non-repeatable levels by time:
     D:2: 1144 daAuts
     D:1: 1036 daAuts
     D:3: 945 daAuts
     D:4: 22 daAuts
